 Dungeon Crawl Stone Soup version 0.22.1-1-ga44c0e5 (webtiles) character file.

4476 Folque the Slinger (level 10, -3/63 HPs)
             Began as a Halfling Hunter on Sept 23, 2018.
             Was a Priest of Zin.
             Slain by a cyan ugly thing (10 damage)
             ... on level 8 of the Dungeon.
             The game lasted 01:11:45 (9027 turns).

Folque the Slinger (Halfling Hunter)                Turns: 9027, Time: 01:11:45

Health: -3/63      AC:  8    Str: 14    XL:     10   Next: 64%
Magic:  12/16      EV: 19    Int: 14    God:    Zin [***...]
Gold:   118        SH:  3    Dex: 18    Spells: 9/9 levels left

rFire    . . .     SeeInvis .   q - +0 rapier
rCold    . . .     Gourm    .   (shield restricted)
rNeg     . . .     Faith    .   c - +0 leather armour
rPois    .         Spirit   .   d - +2 hat
rElec    .         Reflect  +   n - +1 cloak
rCorr    .         Harm     .   (no gloves)
MR       .....                  (no boots)
Stlth    +++.......             B - +3 amulet of reflection
HPRegen  0.20/turn              z - +5 ring of intelligence
MPRegen  0.15/turn              v - ring of stealth

@: no status effects
A: small, mutation resistance 1
a: Recite, Vitalisation, Imprison, Donate Gold, Renounce Religion


You were on level 8 of the Dungeon.
You worshipped Zin.
Zin was most pleased with you.
You were not hungry.

You visited 2 branches of the dungeon, and saw 9 of its levels.

You collected 376 gold pieces.
You donated 258 gold pieces to Zin.

Inventory:

Hand Weapons
 q - a +0 rapier (weapon)
 w - a +2 hunting sling of electrocution
Missiles
 k - 69 sling bullets
 l - 198 stones
 p - a throwing net (quivered)
 t - 5 tomahawks
Armour
 c - a +0 leather armour (worn)
 d - a +2 hat (worn)
 n - a +1 cloak (worn)
Jewellery
 v - a ring of stealth (right hand)
 z - a +5 ring of intelligence (left hand)
 B - a +3 amulet of reflection (around neck)
Wands
 D - a wand of iceblast (6)
Scrolls
 b - a scroll of magic mapping
 g - 2 scrolls of amnesia
 m - a scroll of fog
 s - a scroll of remove curse
 x - 2 scrolls of identify
 y - 2 scrolls of enchant armour
 A - a scroll of enchant weapon
Potions
 a - 2 potions of degeneration {unknown}
 e - 2 potions of curing
 j - 3 potions of heal wounds {unknown}
 o - a potion of magic {unknown}
 r - a potion of cancellation {unknown}
 C - 2 potions of flight {unknown}
Comestibles
 f - 8 rations
 h - 4 chunks of flesh


   Skills:
 - Level 4.0 Fighting
 + Level 6.4 Short Blades
 - Level 9.0 Slings
 - Level 8.2 Armour
 - Level 7.0 Dodging
 - Level 1.1 Stealth
 + Level 8.1 Invocations


You had 9 spell levels left.
You didn't know any spells.
Your spell library was empty.

Dungeon Overview and Level Annotations

Branches:
Dungeon (8/15)             Temple (1/1) D:7
   Lair: D:8-11

Altars:
Ashenzari
Dithmenos
Elyvilon
Fedhas
Gozag
Hepliaklqana
Kikubaaqudgha
Makhleb
Nemelex Xobeh
Okawaru
Qazlal
Ru
Sif Muna
Vehumet
Wu Jian
Xom
Yredelemnul
Zin
The Shining One

Annotations:
D:5 3 runed doors, Caim's ghost, novice OgHu


Innate Abilities, Weirdness & Mutations

You are small and have problems with some larger weapons.
You are somewhat resistant to further mutation.


Message History

You hit the cyan ugly thing.
The cyan ugly thing is heavily wounded.
The cyan ugly thing struggles against the net.
You hit the cyan ugly thing.
The cyan ugly thing is heavily wounded.
The cyan ugly thing struggles against the net.
The cyan ugly thing struggles against the net.
Press: ? - help, Dir - move target cursor, f/p - cyan ugly thing
Aim: a cyan ugly thing (heavily wounded, entangled in a net) Zin imprisons the cyan ugly thing with walls of pure silver!
You see here a morningstar.
Press: ? - help, . - travel, g - get item You can't see that place. [Stash: a throwing net] [the floor.] Zin releases the cyan ugly thing from its prison.
You see here a throwing net.
p - a throwing net The cyan ugly thing stings you!
You die...

...#
#.#.############
### ...#
#.#.########
...#
#.#)#......#
...# #.#.#.####
#### #.#......#
#.#)..#..#
#.####.#
#......#+## .#
#####.u@..# .#
#.....# .#
#.....##.###
#.[........#
......#.......+
..#####.......#
. #.....#####
#.###)#####.#
#........../#


You could see a cyan ugly thing.

Vanquished Creatures
  Grinder (D:5)
  4 hippogriffs
  2 wyverns (D:8)
  Menkaure (D:7)
  2 hungry ghosts (D:7)
  A water moccasin (D:8)
  A phantom (D:5)
  2 sky beasts
  3 ogres
  3 centaurs
  A big kobold (D:7)
  5 bullfrogs
  Blork the orc (D:6)
  A water moccasin zombie (D:7)
  2 scorpions
  3 howler monkeys
  2 crimson imps (D:6)
  2 centaur zombies
  3 hounds
  An orc priest (D:5)
  A bullfrog skeleton (D:4)
  2 jellies
  A centaur skeleton (D:5)
  8 orc wizards
  3 iguanas
  10 worker ants
  A killer bee zombie (D:6)
  A hound skeleton (D:5)
  A worker ant zombie (D:6)
  10 gnolls
  9 adders
  2 shadow imps
  2 oozes
  2 adder skeletons
  3 worms
  2 dart slugs (D:2)
  2 leopard geckos
  20 orcs
  3 giant cockroaches
  8 goblins
  10 hobgoblins
  10 jackals
  13 kobolds
  3 ball pythons
  7 bats
  7 frilled lizards
  A leopard gecko skeleton (D:4)
  6 rats
189 creatures vanquished.

Vanquished Creatures (others)
  A howler monkey (D:4)
  An orc wizard (D:7)
  An orc (D:4)
  A quokka (D:4)
4 creatures vanquished.

Grand Total: 193 creatures vanquished

Notes
Turn   | Place    | Note
-------+----------+-------------------------------------------
     0 | D:1      | Folque the Halfling Hunter began the quest for the Orb.
     0 | D:1      | Reached XP level 1. HP: 14/14 MP: 1/1
    91 | D:1      | Reached skill level 6 in Slings
    95 | D:1      | Reached XP level 2. HP: 15/19 MP: 2/2
   420 | D:1      | Reached XP level 3. HP: 22/25 MP: 3/3
  1308 | D:2      | Reached XP level 4. HP: 21/31 MP: 4/4
  1691 | D:2      | Reached skill level 7 in Slings
  1846 | D:3      | Found a faded altar of an unknown god.
  2152 | D:3      | Reached XP level 5. HP: 36/36 MP: 5/5
  2212 | D:3      | Reached skill level 1 in Armour
  2539 | D:3      | Reached XP level 6. HP: 42/43 MP: 6/6
  2633 | D:3      | Found a glowing silver altar of Zin.
  2637 | D:3      | Became a worshipper of Zin the Law-Giver
  2637 | D:3      | Reached * piety under Zin
  2710 | D:3      | Found a shattered altar of Ashenzari.
  2768 | D:3      | Found an iron altar of Okawaru.
  2813 | D:3      | Donated 64 gold pieces to Zin
  2822 | D:3      | Found an ornate altar of the Wu Jian Council.
  3095 | D:4      | Reached skill level 1 in Invocations
  3180 | D:4      | Reached skill level 1 in Short Blades
  3397 | D:4      | Reached XP level 7. HP: 34/48 MP: 7/9
  3619 | D:4      | Donated 37 gold pieces to Zin
  3898 | D:4      | Found a shimmering altar of Xom.
  4034 | D:4      | Reached ** piety under Zin
  4445 | D:5      | Entered Level 5 of the Dungeon
  4454 | D:5      | Noticed Grinder
  4510 | D:5      | Killed Grinder
  4510 | D:5      | Reached XP level 8. HP: 44/54 MP: 11/11
  4532 | D:5      | Reached skill level 5 in Short Blades
  4532 | D:5      | Reached skill level 5 in Invocations
  4791 | D:4      | Reached skill level 8 in Slings
  4846 | D:5      | Found a runed gate.
  4846 | D:5      | Found a runed gate.
  4848 | D:5      | Found a runed gate.
  4854 | D:5      | Noticed Caim's ghost (novice OgHu)
  5964 | D:6      | Reached skill level 5 in Dodging
  6037 | D:6      | Reached XP level 9. HP: 58/58 MP: 13/13
  6260 | D:6      | Noticed Blork the orc
  6297 | D:6      | Killed Blork the orc
  6863 | D:6      | Noticed a hippogriff
  6870 | D:6      | Killed a hippogriff
  7079 | D:7      | Noticed a hippogriff
  7101 | D:7      | Noticed Menkaure
  7110 | D:7      | Killed Menkaure
  7159 | D:7      | Reached skill level 5 in Armour
  7246 | D:7      | Reached *** piety under Zin
  7260 | D:7      | Found a staircase to the Ecumenical Temple.
  7293 | D:7      | Reached XP level 10. HP: 40/63 MP: 15/15
  7481 | Temple   | Entered the Ecumenical Temple
  7873 | D:7      | Reached skill level 9 in Slings
  8691 | D:8      | Noticed a two-headed ogre
  8942 | D:8      | Noticed a cyan ugly thing
  9009 | D:8      | Donated 120 gold pieces to Zin
  9027 | D:8      | Slain by a cyan ugly thing

Skill      XL: |  1  2  3  4  5  6  7  8  9 10 |
---------------+-------------------------------+-----
Fighting       | 2 3 4 |  4.0
Slings         | 6 7 8 9 |  9.0
Armour         | 1 2 6 8 |  8.2
Dodging        | 3 5 7 |  7.0
Invocations    | 2 4 5 7 8 |  8.1
Short Blades   | 2 4 5 6 |  6.4
Stealth        | |  1.1

Action                   |  1- 3 |  4- 6 |  7- 9 | 10-12 || total
-------------------------+-------+-------+-------+-------++-------
Melee: Short sword       |   121 |    82 |       |       ||   203
       Rapier            |       |       |   294 |   104 ||   398
       Hunting sling     |       |       |     5 |       ||     5
 Fire: Hunting sling     |    39 |    84 |   199 |    95 ||   417
Throw: Stone             |       |       |     1 |       ||     1
       Throwing net      |       |       |       |     2 ||     2
Invok: Recite            |       |     1 |    30 |     9 ||    40
       Donate Gold       |       |     1 |     1 |     1 ||     3
       Vitalisation      |       |       |     4 |     1 ||     5
       Imprison          |       |       |       |     1 ||     1
Evoke: Wand              |       |       |       |     4 ||     4
  Use: Scroll            |     3 |     3 |     5 |     4 ||    15
       Potion            |       |     1 |       |     2 ||     3
 Stab: Sleeping          |     4 |     1 |     2 |     1 ||     8
       Confused          |       |       |     6 |       ||     6
       Invisible         |       |       |     1 |       ||     1
       Distracted        |       |       |       |     1 ||     1
  Eat: Chunk             |     1 |     7 |     7 |     2 ||    17
       Ration            |       |       |     3 |     1 ||     4
Armor: Leather armour    |    28 |    19 |    72 |    40 ||   159
Dodge: Dodged            |   102 |    57 |   236 |   151 ||   546
Block: Other             |       |       |    10 |    16 ||    26
       Reflection        |       |       |     1 |       ||     1
